 Dungeon Crawl Stone Soup version 0.25-a0-364-ge76b031 (webtiles) character file.

Game seed: 4010842462493249263, levelgen mode: deterministic

92 Birdy the Charmwright (level 4, -1/23 HPs)
             Began as a Vine Stalker Skald on Jan 5, 2020.
             Slain by an orc
             ... wielding a +0 flail
              (4 damage)
             ... on level 3 of the Dungeon.
             The game lasted 00:03:23 (1990 turns).

Birdy the Charmwright (Vine Stalker Skald)          Turns: 1990, Time: 00:03:24

Health: -1/23      AC:  3    Str: 14    XL:     4   Next: 60%
Magic:  0/8        EV: 12    Int: 13    God:
Gold:   94         SH:  0    Dex: 14    Spells: 4/7 levels left

rFire    . . .     SeeInvis .   a - +1 hand axe
rCold    . . .     Gourm    .   (no shield)
rNeg     . . .     Faith    .   b - +0 leather armour
rPois    .         Spirit   +   (no helmet)
rElec    .         Reflect  .   (no cloak)
rCorr    .         Harm     .   (no gloves)
MR       .....                  (no boots)
Stlth    ++........             e - amulet of regeneration
HPRegen  0.87/turn              (no ring)
MPRegen  0.11/turn              (no ring)

@: singing
A: fangs 2, regeneration 1, magic shield, antimagic bite, no potion heal 3, rot
immunity
a: no special abilities


You were on level 3 of the Dungeon.
You were hungry.

You visited 1 branch of the dungeon, and saw 3 of its levels.

You collected 94 gold pieces.

Inventory:

Hand Weapons
 a - a +1 hand axe (weapon)
Missiles
 f - 4 silver boomerangs (quivered)
Armour
 b - a +0 leather armour (worn)
Jewellery
 e - an amulet of regeneration (around neck)
Potions
 c - 2 potions of curing
Comestibles
 d - 3 rations


   Skills:
 + Level 1.9 Fighting
 + Level 1.9 Axes
 - Level 0.7 Armour
 - Level 1.5 Dodging
 - Level 1.5 Stealth
 + Level 2.3 Spellcasting
 + Level 4.8 Charms


You had 4 spell levels left.
You knew the following spells:

 Your Spells              Type           Power        Failure   Level  Hunger
a - Infusion              Chrm           ##..         4%          1    #......
b - Song of Slaying       Chrm           ##......     7%          2    ###....

Your spell library contained the following spells:

 Spells                   Type           Power        Failure   Level  Hunger
 Shroud of Golubria       Chrm/Tloc      #.....       19%         2    ###....
 Ozocubu's Armour         Chrm/Ice       #.......     34%         3    ###....
 Spectral Weapon          Hex/Chrm       #.......     34%         3    ###....


Dungeon Overview and Level Annotations

Branches:
Dungeon (3/15)

Altars:


Innate Abilities, Weirdness & Mutations

You have extremely sharp teeth.
Your natural rate of healing is unusually fast.
When hurt, damage is shared between your health and your magic reserves.
Your bite disrupts and absorbs the magic of your enemies.
Potions cannot restore your health.
You are immune to rotting.


Message History

You kill the orc!
You hit the orc priest but do no damage.
You hear a shout!
The orc hits you.
* * * LOW HITPOINT WARNING * * *
A hobgoblin comes into view. It is wielding a +0 club.
The orc priest hits you with a +0 hand axe.
* * * LOW HITPOINT WARNING * * *
You hit the orc priest but do no damage.
You bite the orc priest. You drain its power.
You feel invigorated.
The orc priest is severely wounded.
You closely miss the orc. You hit the orc. The orc hits you with a +0 flail.
* * * LOW HITPOINT WARNING * * *
The orc misses you.
The orc priest hits you with a +0 hand axe.
* * * LOW HITPOINT WARNING * * *
You hit the orc priest but do no damage.
The orc priest is severely wounded.
You closely miss the orc. You hit the orc. The orc hits you with a +0 flail!
You die...

#......# ###########
#......# ..........#
#......#
..........#######......#
.........†##...........#
..(.......##.####......#
.....%..........#......##
.....$..........#..)....#
.........@o.....#.......#
.........oo...........#.#
......................#.#
......................#.#
[.......................#
....g.................####
)........g...............
................†>..####
.............#


You could see an orc priest, 2 orcs and 2 hobgoblins.

Vanquished Creatures
  5 adders
  An ooze (D:2)
  2 worms (D:2)
  2 leopard geckos
  An orc (D:3)
  8 goblins
  3 hobgoblins (D:1)
  2 jackals (D:1)
  2 quokkas (D:2)
  4 bats
  A frilled lizard (D:1)
  A kobold (D:2)
  3 rats (D:1)
35 creatures vanquished.

Notes
Turn   | Place    | Note
-------+----------+-------------------------------------------
     0 | D:1      | Birdy the Vine Stalker Skald began the quest for the Orb.
     0 | D:1      | Reached XP level 1. HP: 11/11 MP: 4/4
   333 | D:1      | Reached XP level 2. HP: 15/15 MP: 6/6
  1035 | D:2      | Reached skill level 4 in Charms
  1035 | D:2      | Reached XP level 3. HP: 15/18 MP: 4/7
  1139 | D:2      | Reached skill level 1 in Stealth
  1403 | D:2      | Gained mutation: Your natural rate of healing is unusually
                  | fast. [Vine Stalker growth]
  1403 | D:2      | Reached XP level 4. HP: 16/23 MP: 3/8
  1467 | D:2      | Learned a level 2 spell: Song of Slaying
  1990 | D:3      | Slain by an orc

Levels and vault maps discovered:
D:1:      onia_arrival_pyramid, layout_basic
D:2:      layout_basic, nicolae_overflow_hidden_temple, minmay_pentomino_v4
D:3:      layout_basic, minmay_fountain_box, evilmike_ruin_ashenzari

Skill      XL: |  1  2  3 |
---------------+----------+-----
Charms         | 4 |  4.8
Stealth        | 1 |  1.5
Fighting       | |  1.9
Axes           | |  1.9
Armour         | |  0.7
Dodging        | |  1.5
Spellcasting   | |  2.3

Action                   |  1- 3 |  4- 6 || total
-------------------------+-------+-------++-------
Melee: Hand axe          |    96 |    31 ||   127
       Bite              |    21 |     4 ||    25
Throw: Boomerang         |     3 |     4 ||     7
 Cast: Infusion          |     3 |     1 ||     4
       Song of Slaying   |       |     1 ||     1
  Use: Scroll            |     4 |     1 ||     5
       Potion            |     2 |     3 ||     5
 Stab: Sleeping          |     1 |     1 ||     2
  Eat: Chunk             |     2 |     1 ||     3
Armor: Leather armour    |    19 |     5 ||    24
       Skin              |       |     1 ||     1
Dodge: Dodged            |    58 |    19 ||    77

Table legend:
 A = Non-vault XP
 B = Vault XP
 C = Vault XP percentage of total XP
 D = Non-vault monster count
 E = Vault monster count
 F = Vault count percentage of total count
                 A         B        C        D         E       F
            +---------+---------+-------+---------+---------+-------
      Total |     117 |      15 |  11.4 |      33 |       2 |   5.7
            +---------+---------+-------+---------+---------+-------
        D:1 |      30 |       0 |   0.0 |      18 |       0 |   0.0
        D:2 |      67 |      15 |  18.3 |      11 |       2 |  15.4
        D:3 |      20 |       0 |   0.0 |       4 |       0 |   0.0
            +---------+---------+-------+---------+---------+-------
